 Dungeon Crawl Stone Soup version 0.27.1-33-g824d729ab1 (webtiles) character file.

Game seed: 15139192577962469988

105 Descartes the Ducker (level 4, -1/19 HPs)
             Began as a Felid Warper on Dec 24, 2021.
             Slain by a hound (2 damage)
             ... on level 3 of the Dungeon on Dec 25, 2021.
             The game lasted 00:07:09 (5208 turns).

Descartes the Ducker (Felid Warper)                 Turns: 5208, Time: 00:07:09

Health: -1/19      AC:  1    Str:  8    XL:     4   Next: 54%
Magic:  8/8        EV: 19    Int: 14    God:
Gold:   13         SH:  0    Dex: 16    Spells: 7/7 levels left
                                        Lives:  0   Deaths: 1

rFire    . . .     SeeInvis +     - Unarmed
rCold    . . .     Faith    .   (shield unavailable)
rNeg     . . .     Spirit   .   (armour unavailable)
rPois    .         Reflect  .   (helmet unavailable)
rElec    .         Harm     .   (cloak unavailable)
rCorr    .         Rampage  .   (gloves unavailable)
Will     .....                  (boots unavailable)
Stlth    +++.......             (no amulet)
HPRegen  0.06/turn              (no ring)
MPRegen  0.11/turn              (no ring)

@: quick
A: very small, claws 1, fangs 3, see invisible, speed 1, shaggy fur 1, stealthy
paws, no weapons or thrown items, no armour, multi-lived
a: no special abilities


You were on level 3 of the Dungeon.
You visited 1 branch of the dungeon, and saw 4 of its levels.

You collected 55 gold pieces.
You spent 42 gold pieces at shops.

Inventory:

Missiles
 b - 119 stones
Scrolls
 a - a scroll of blinking
 e - a scroll of enchant weapon {unknown}
 f - 4 scrolls of identify {unknown}
 h - a scroll of fear {unknown}
 l - a scroll of noise {unknown}
Potions
 c - a potion of heal wounds {unknown}
 d - a potion of attraction {unknown}
 g - 3 potions of curing
 i - a potion of degeneration {unknown}
 j - a potion of brilliance {unknown}
 k - a potion of berserk rage {unknown}
 m - a potion of flight {unknown}


   Skills:
 - Level 2.0 Fighting
 + Level 5.1 Dodging
 + Level 4.0 Stealth
 + Level 3.6 Unarmed Combat
 - Level 2.0 Spellcasting
 - Level 4.4 Translocations


You had 7 spell levels left.
You didn't know any spells.
Your spell library contained the following spells:

 Spells                   Type           Power      Damage    Failure   Level
 Blink                    Tloc           N/A        N/A       6%          2
 Gell's Gravitas          Tloc           6%         N/A       12%         3
 Lesser Beckoning         Tloc           6%         N/A       12%         3
 Teleport Other           Tloc           13%        N/A       12%         3
 Freeze                   Ice            4%         1d3       24%         1
 Frozen Ramparts          Ice            2%         1d2       56%         3
 Manifold Assault         Tloc           13%        N/A       73%         5
 Hailstorm                Conj/Ice       1%         3d3       93%         4


Dungeon Overview and Level Annotations

Branches:
Dungeon (4/15)             Temple (0/1) D:4

Altars:
Sif Muna

Shops:
D:2 (   D:3 (*


Innate Abilities, Weirdness & Mutations

You have sharp claws.
You have razor-sharp teeth.
You have supernaturally acute eyesight. (SInv)
You cover ground quickly. (Speed+)
You are covered in fur. (AC +1)
Your paws help you pounce on unaware monsters.
You are incapable of wielding weapons or throwing items.
You cannot wear armour.
You gain extra lives every three experience levels.


Message History

You scratch the hound but do no damage.
The hound is moderately wounded.
The hound closely misses you. The hound bites you.
You are too injured to fight recklessly!
You are too injured to fight recklessly!
You are too injured to fight recklessly!
You are too injured to fight recklessly!
You are too injured to fight recklessly!
You are too injured to fight recklessly!
You are too injured to fight recklessly!
You are too injured to fight recklessly!
You are too injured to fight recklessly!
You are too injured to fight recklessly!
You are too injured to fight recklessly!
You are too injured to fight recklessly!
You are too injured to fight recklessly!
You are too injured to fight recklessly!
You are too injured to fight recklessly!
You are too injured to fight recklessly!
You are too injured to fight recklessly!
You are too injured to fight recklessly!
You scratch the hound.
The hound is moderately wounded.
The hound bites you.
* * * LOW HITPOINT WARNING * * *
You closely miss the hound.
The hound is moderately wounded.
The hound barely misses you. The hound closely misses you.
You miss the hound.
The hound is moderately wounded.
The hound misses you.
You completely miss the hound.
The hound is moderately wounded.
The hound completely misses you.
You barely miss the hound.
The hound is moderately wounded.
The hound bites you.
* * * LOW HITPOINT WARNING * * *
The hound bites you.
You die...

#.##.########.# #.# #.
#.#.....†.....# #.# #.
#.#..########## #.# #.
##.#...# ##.###. ##....#.#
###†..### ##.......##
#.....# #.........###
#.#...# #........÷.)#
#.##### #.#......)@.## #.#
#.##.....h†..# #.#
#.####......[######.#######
#.# ##.......#.............
#.# #...#.##........#######
#.# #.#.#.####.######
#.###.#.#.# #.# #.........#
#.# #.........# #.#######
####


You could see a hound.

Vanquished Creatures
  An orc wizard (D:3)
  5 gnolls
  2 adders
  An ufetubus (D:3)
  2 worms (D:2)
  3 dart slugs
  3 orcs (D:3)
  4 ball pythons
  5 bats
  7 endoplasms
  4 giant cockroaches
  8 goblins
  6 hobgoblins
  2 quokkas
  4 frilled lizards (D:1)
  12 kobolds
  5 rats
74 creatures vanquished.

Vanquished Creatures (others)
  2 plants (D:3)
2 creatures vanquished.

Grand Total: 76 creatures vanquished

Notes
Turn   | Place    | Note
-------+----------+-------------------------------------------
     0 | D:1      | Descartes the Felid Warper began the quest for the Orb.
     0 | D:1      | Reached XP level 1. HP: 9/9 MP: 4/4
   313 | D:1      | Reached skill level 1 in Stealth
   315 | D:1      | Reached XP level 2. HP: 5/13 MP: 6/6
  1536 | D:1      | Found a faded altar of an unknown god.
  1578 | D:1      | Reached XP level 3. HP: 14/16 MP: 7/7
  1597 | D:1      | Became a worshipper of Sif Muna the Loreminder
  1597 | D:1      | Reached * piety under Sif Muna
  1598 | D:1      | Fell from the grace of Sif Muna
  1872 | D:2      | Reached skill level 4 in Dodging
  1896 | D:2      | Found Feobaeck's Weapon Emporium.
  2373 | D:2      | Reached XP level 4. HP: 11/19 MP: 8/8
  3585 | D:3      | Found Uckowef's Assorted Antiques.
  3604 | D:3      | Bought a silvery potion for 21 gold pieces
  3604 | D:3      | Bought a metallic amethyst potion for 21 gold pieces
  4003 | D:3      | Found Neco's Antique Weapon Boutique.
  4380 | D:3      | Reached XP level 5. HP: 22/22 MP: 9/9
  4746 | D:4      | Found a staircase to the Ecumenical Temple.
  4762 | D:3      | HP: 1/22 [poisoned by an adder]
  4768 | D:3      | Reached skill level 5 in Dodging
  5048 | D:3      | Killed from afar by an orc wizard
  5049 | D:3      | Reached XP level 4. HP: -6/19 MP: 8/8
  5147 | D:3      | Was forgiven by Sif Muna
  5208 | D:3      | Slain by a hound

Illustrated notes

Levels and vault maps discovered:
D:1:      sevenhm_arrival_forest_fort_large_2, layout_basic,
          dreamdust_ecumenical_altar_angels_and_demons
D:2:      layout_basic, serial_shops, nicolae_shop_crystal,
          chequers_serial_rivers_micro_a, minmay_tall_x
D:3:      layout_loops_ring, serial_shops, shop,
          nicolae_shop_overgrown_old_shop, amcnicky_mini_corridor_feature
D:4:      layout_basic, lemuel_tele_altar, minmay_temple_entry_large_hall,
          uniq_grinder

Skill      XL: |  1  2  3  4  5 |
---------------+----------------+-----
Stealth        | 1 2 4 |  4.0
Dodging        | 4 5 |  5.1
Unarmed Combat | 3 |  3.6
Fighting       | |  2.0
Spellcasting   | |  2.0
Translocations | |  4.4

Action                   |  1- 3 |  4- 6 || total
-------------------------+-------+-------++-------
Melee: Unarmed           |   126 |   142 ||   268
       Bite              |    10 |    10 ||    20
Invok: Renounce Religion |     1 |       ||     1
  Use: Potion            |       |     1 ||     1
 Stab: Sleeping          |     7 |     2 ||     9
       Distracted        |     1 |       ||     1
Armor: Skin              |     9 |     7 ||    16
Dodge: Dodged            |   104 |   120 ||   224
